 Dungeon Crawl Stone Soup version 0.26-a0-631-ged93497179 (webtiles) character file.

Game seed: 15575105984835690826

3483 Peloso the Blocker (level 10, -2/80 HPs)
             Began as a Gnoll Fighter on Sept 13, 2020.
             Was a Believer of Okawaru.
             Slain by a five-headed hydra (10 damage)
             ... on level 7 of the Dungeon.
             The game lasted 00:20:38 (6430 turns).

Peloso the Blocker (Gnoll Fighter)                  Turns: 6430, Time: 00:20:39

Health: -2/80      AC: 18    Str: 21    XL:     10   Next: 7%
Magic:  13/17      EV: 12    Int: 11    God:    Okawaru [**....]
Gold:   471        SH: 14    Dex: 15    Spells: 18/18 levels left

rFire    . . .     SeeInvis .   a - +8 long sword of the Everdark {flame, +Rage rN+}
rCold    . . .     Faith    .   c - +1 kite shield
rNeg     + . .     Spirit   .   i - +0 plate armour
rPois    .         Reflect  .   g - +1 helmet
rElec    .         Harm     .   (no cloak)
rCorr    .         Rampage  .   (no gloves)
MR       .....                  (no boots)
Stlth    ..........             h - amulet of regeneration
HPRegen  0.63/turn              p - ring of wizardry
MPRegen  0.15/turn              (no ring)

@: heroism
A: distributed training, fangs 1, strong nose
a: Heroism, Renounce Religion, Evoke Berserk Rage


You were on level 7 of the Dungeon.
You worshipped Okawaru.
Okawaru was pleased with you.
You visited 2 branches of the dungeon, and saw 9 of its levels.

You collected 471 gold pieces.

Inventory:

Hand Weapons
 a - the +8 long sword of the Everdark (weapon) {flame, +Rage rN+}
   (You found it on level 8 of the Dungeon)

   It has been specially enchanted to burn those struck by it, causing extra
   injury to most foes and up to half again as much damage against particularly
   susceptible opponents.
   Big, fiery blades are also staple armaments of hydra-hunters.
   It protects you from negative energy.
   It lets you go berserk.
 b - a +2 long sword
Armour
 c - a +1 kite shield (worn)
 g - a +1 helmet (worn)
 i - a +0 plate armour (worn)
Jewellery
 h - an amulet of regeneration (around neck)
 p - a ring of wizardry (left hand)
Wands
 w - a wand of polymorph (9)
 y - a wand of random effects (13)
Scrolls
 e - 4 scrolls of teleportation
 j - 4 scrolls of enchant armour
 l - 5 scrolls of magic mapping
 m - a scroll of fear {unknown}
 n - a scroll of noise
 o - 3 scrolls of remove curse
 q - 3 scrolls of identify
 r - 2 scrolls of immolation {unknown}
 s - a scroll of random uselessness {unknown}
 u - a scroll of brand weapon {unknown}
 x - 2 scrolls of enchant weapon {unknown}
 z - a scroll of blinking
Potions
 d - a potion of ambrosia {unknown}
 f - 2 potions of curing
 k - a potion of brilliance
 t - 2 potions of heal wounds {unknown}
 v - a potion of haste {unknown}


   Skills:
 + Level 8.3(13.3) Fighting
 + Level 4.9(9.9) Short Blades
 + Level 6.8(11.8) Long Blades
 + Level 4.9(9.9) Axes
 + Level 4.9(9.9) Maces & Flails
 + Level 4.9(9.9) Polearms
 + Level 4.9(9.9) Staves
 + Level 4.9(9.9) Slings
 + Level 4.9(9.9) Bows
 + Level 4.9(9.9) Crossbows
 + Level 4.9(9.9) Throwing
 + Level 8.3(13.3) Armour
 + Level 4.9(9.9) Dodging
 + Level 4.9(9.9) Stealth
 + Level 8.3(13.3) Shields
 + Level 4.9(9.9) Unarmed Combat
 + Level 4.9 Spellcasting
 + Level 4.0 Conjurations
 + Level 4.0 Hexes
 + Level 4.0 Summonings
 + Level 4.0 Necromancy
 + Level 4.0 Translocations
 + Level 4.0 Transmutations
 + Level 4.0 Fire Magic
 + Level 4.0 Ice Magic
 + Level 4.0 Air Magic
 + Level 4.0 Earth Magic
 + Level 4.0 Poison Magic
 + Level 5.4 Invocations
 + Level 4.9 Evocations


You had 18 spell levels left.
You didn't know any spells.
Your spell library contained the following spells:

 Spells                   Type           Power        Failure   Level
 Corona                   Hex            ##.....      24%         1
 Ensorcelled Hibernation  Hex/Ice        ##....       32%         2
 Confusing Touch          Hex            ##......     54%         3
 Dazzling Flash           Conj/Hex       ##....       54%         3
 Tukima's Dance           Hex            ##......     54%         3


Dungeon Overview and Level Annotations

Branches:
Dungeon (8/15)             Temple (1/1) D:5
   Lair: D:8-11

Altars:
Ashenzari
Cheibriados
Dithmenos
Fedhas
Gozag
Hepliaklqana
Kikubaaqudgha
Makhleb
Nemelex Xobeh
Okawaru
Qazlal
Ru
Sif Muna
Trog
Uskayaw
Vehumet
Wu Jian
Yredelemnul
Zin
The Shining One

Annotations:
D:8 double sword


Innate Abilities, Weirdness & Mutations

Your experience applies equally to all skills.
You have very sharp teeth.
Your uncanny sense of smell can sniff out nearby items.


Message History

The five-headed hydra bites you but does no damage.
The five-headed hydra bites you.
* * * LOW HITPOINT WARNING * * *
You block the five-headed hydra's attack.
The five-headed hydra bites you!
* * * LOW HITPOINT WARNING * * *
Unknown command.
You feel better.
The five-headed hydra bites you but does no damage.
You block the five-headed hydra's attack.
The five-headed hydra bites you!
* * * LOW HITPOINT WARNING * * *
The five-headed hydra misses you.
The five-headed hydra barely misses you.
You feel more confident with your borrowed prowess.
The five-headed hydra bites you but does no damage.
The five-headed hydra bites you!
* * * LOW HITPOINT WARNING * * *
The five-headed hydra bites you!
You die...

... #........# ##.## ...#.#
###.###.##.# #.## #.....
..#.###.##.# #.#
#.##.####.#........# ##'##
#......##)#####.#### ##...# #
#.##.#.##.# #.## ##..... ##
#..#...##.# #..## ##......
.####...#..##.#####...####.......
.')............D@........'.......
.####......##.#####...####.......
## #<........# #..## ##...... #
#####.##### #.## ##..... #.# #.#
##...# ... #.# ##+## #..## ##.#
#.# #. #..# #.# ∆
#.###########.##


You could see a five-headed hydra.

Vanquished Creatures
  2 orc warriors (D:8)
  2 sky beasts (D:8)
  An ice beast (D:8)
  4 black bears
  A necrophage (D:8)
  3 centaurs
  2 ogres (D:8)
  Blork the orc (D:6)
  A big kobold (D:8)
  A bullfrog (D:6)
  A gnoll sergeant (D:8)
  4 scorpions
  3 killer bees (D:8)
  11 wights
  4 howler monkeys
  5 hounds
  A jelly (D:8)
  2 bullfrog skeletons
  A quasit (D:8)
  5 orc priests
  3 orc wizards
  4 iguanas
  5 worker ants
  A hound skeleton (D:5)
  A worker ant zombie (D:6)
  Robin (D:3)
  2 howler monkey skeletons
  7 adders
  A shadow imp (D:6)
  2 white imps
  3 adder skeletons
  2 worms (D:3)
  2 dart slugs
  2 leopard geckos
  23 orcs
  3 ball pythons
  3 giant cockroaches
  14 goblins
  9 hobgoblins
  10 jackals
  5 quokkas
  9 bats
  3 frilled lizards (D:1)
  A jackal zombie (D:8)
  13 kobolds
  2 leopard gecko skeletons
  A leopard gecko zombie (D:5)
  A quokka zombie (D:4)
  9 rats
197 creatures vanquished.

Notes
Turn   | Place    | Note
-------+----------+-------------------------------------------
     0 | D:1      | Peloso the Gnoll Fighter began the quest for the Orb.
     0 | D:1      | Reached XP level 1. HP: 23/23 MP: 1/1
   129 | D:1      | Reached XP level 2. HP: 29/29 MP: 2/2
   455 | D:1      | Reached XP level 3. HP: 35/35 MP: 3/3
   954 | D:2      | Found a shadowy altar of Dithmenos.
  1034 | D:2      | Found a sparkling altar of Nemelex Xobeh.
  1379 | D:3      | Noticed Robin
  1383 | D:3      | Reached skill level 1 in Invocations
  1440 | D:3      | Killed Robin
  1440 | D:3      | Reached skill level 1 in Short Blades
  1440 | D:3      | Reached skill level 1 in Axes
  1440 | D:3      | Reached skill level 1 in Maces & Flails
  1440 | D:3      | Reached skill level 1 in Polearms
  1440 | D:3      | Reached skill level 1 in Staves
  1440 | D:3      | Reached skill level 1 in Slings
  1440 | D:3      | Reached skill level 1 in Bows
  1440 | D:3      | Reached skill level 1 in Crossbows
  1440 | D:3      | Reached skill level 1 in Throwing
  1440 | D:3      | Reached skill level 1 in Dodging
  1440 | D:3      | Reached skill level 1 in Stealth
  1440 | D:3      | Reached skill level 1 in Unarmed Combat
  1440 | D:3      | Reached skill level 1 in Spellcasting
  1440 | D:3      | Reached skill level 1 in Evocations
  1440 | D:3      | Reached XP level 4. HP: 41/41 MP: 5/5
  1654 | D:2      | Reached skill level 1 in Conjurations
  1654 | D:2      | Reached skill level 1 in Hexes
  1654 | D:2      | Reached skill level 1 in Summonings
  1654 | D:2      | Reached skill level 1 in Necromancy
  1654 | D:2      | Reached skill level 1 in Translocations
  1654 | D:2      | Reached skill level 1 in Transmutations
  1654 | D:2      | Reached skill level 1 in Fire Magic
  1654 | D:2      | Reached skill level 1 in Ice Magic
  1654 | D:2      | Reached skill level 1 in Air Magic
  1654 | D:2      | Reached skill level 1 in Earth Magic
  1654 | D:2      | Reached skill level 1 in Poison Magic
  1654 | D:2      | Reached XP level 5. HP: 43/47 MP: 5/7
  1677 | D:3      | HP: 2/47 [wight/cursed +4 halberd (2)]
  1877 | D:3      | Reached XP level 6. HP: 47/53 MP: 8/8
  1984 | D:3      | Reached skill level 5 in Long Blades
  2774 | D:4      | Reached XP level 7. HP: 46/59 MP: 10/10
  3236 | D:5      | Entered Level 5 of the Dungeon
  3268 | D:5      | Reached XP level 8. HP: 42/67 MP: 12/12
  3802 | D:5      | Found a staircase to the Ecumenical Temple.
  3810 | Temple   | Entered the Ecumenical Temple
  3983 | Temple   | Became a worshipper of Warmaster Okawaru
  4180 | D:6      | Found a sacrificial altar of Ru.
  4255 | D:6      | Found a bloodstained altar of Trog.
  4367 | D:6      | Noticed Blork the orc
  4384 | D:6      | Killed Blork the orc
  4524 | D:6      | Reached * piety under Okawaru
  4524 | D:6      | Reached XP level 9. HP: 61/73 MP: 14/14
  4564 | D:6      | Found a radiant altar of Vehumet.
  5045 | D:7      | Noticed an eight-headed hydra
  5470 | D:8      | Reached ** piety under Okawaru
  5583 | D:8      | Reached skill level 5 in Invocations
  5718 | D:8      | Got a slimy long sword
  5719 | D:8      | Identified the +8 long sword of the Everdark {flame, +Rage
                  | rN+} (You found it on level 8 of the Dungeon)
  5998 | D:8      | Reached XP level 10. HP: 80/80 MP: 17/17
  6430 | D:7      | Slain by a five-headed hydra

Illustrated notes

Levels and vault maps discovered:
D:1:      minmay_arrival_diagonal_passages, layout_basic
D:2:      layout_rooms, grunt_dithmenos_smoke, hangedman_decor_slide_cut,
          nemelex_xobeh_ov_fountains_minmay
D:3:      wad_crossroads, layout_basic, glass_columns_c,
          minmay_fractal_squares_diagonal_5, uniq_robin
D:4:      layout_rooms, minmay_misc_feat_tower
D:5:      layout_rooms, minmay_temple_entry_statues_pillars, eino_curves_03,
          chequers_mini_garden, solitary_fountain
D:6:      layout_gridville, nicolae_overflow_hidden_temple,
          trog_ov_bears_minmay, nicolae_overflow_crystal_walls,
          grunt_decor_mini_mirrors, chequers_serial_rivers_micro_c,
          uniq_blork_the_orc
D:7:      layout_loops_corners, elyvilon_altar_1, uniq_harold, uniq_joseph
D:8:      layout_basic, sword_in_stone
Temple:   regret_index_temple_generic_petals

Skill      XL: |  1  2  3  4  5  6  7  8  9 |
---------------+----------------------------+-----
Invocations    | 1 2 3 4 5 |  5.4
Short Blades   | 1 2 3 4 |  4.9
Axes           | 1 2 3 4 |  4.9
Maces & Flails | 1 2 3 4 |  4.9
Polearms       | 1 2 3 4 |  4.9
Staves         | 1 2 3 4 |  4.9
Slings         | 1 2 3 4 |  4.9
Bows           | 1 2 3 4 |  4.9
Crossbows      | 1 2 3 4 |  4.9
Throwing       | 1 2 3 4 |  4.9
Dodging        | 1 2 3 4 |  4.9
Stealth        | 1 2 3 4 |  4.9
Unarmed Combat | 1 2 3 4 |  4.9
Spellcasting   | 1 2 3 4 |  4.9
Evocations     | 1 2 3 4 |  4.9
Conjurations   | 1 2 3 4 |  4.0
Hexes          | 1 2 3 4 |  4.0
Summonings     | 1 2 3 4 |  4.0
Necromancy     | 1 2 3 4 |  4.0
Translocations | 1 2 3 4 |  4.0
Transmutations | 1 2 3 4 |  4.0
Fire Magic     | 1 2 3 4 |  4.0
Ice Magic      | 1 2 3 4 |  4.0
Air Magic      | 1 2 3 4 |  4.0
Earth Magic    | 1 2 3 4 |  4.0
Poison Magic   | 1 2 3 4 |  4.0
Long Blades    | 5 6 |  6.8
Fighting       | 7 8 |  8.3
Armour         | 7 8 |  8.3
Shields        | 7 8 |  8.3

Action                   |  1- 3 |  4- 6 |  7- 9 | 10-12 || total
-------------------------+-------+-------+-------+-------++-------
Melee: Long sword        |   103 |   189 |   438 |    18 ||   748
       Bite              |     9 |    28 |    69 |     3 ||   109
       Scimitar          |       |       |    28 |       ||    28
Invok: Heroism           |       |       |     4 |     2 ||     6
  Use: Scroll            |     7 |       |     4 |       ||    11
       Potion            |       |     1 |     6 |     1 ||     8
 Stab: Distracted        |       |       |     1 |       ||     1
Armor: Scale mail        |    32 |       |       |       ||    32
       Chain mail        |    19 |     1 |       |       ||    20
       Plate armour      |       |    84 |   349 |    15 ||   448
Dodge: Dodged            |    33 |    29 |   160 |    12 ||   234
Block: Kite shield       |    98 |   118 |   381 |    18 ||   615
       Rpst.: Long sword |    11 |     7 |    38 |       ||    56
       Scimitar          |       |       |     1 |       ||     1

Table legend: (Time is in decaauts)
 A = Elapsed time spent in this place.
 B = Non-inter-level travel time spent in this place.
 C = Inter-level travel time spent in this place.
 D = Time resting spent in this place.
 E = Time spent auto-exploring this place.
 F = Levels seen in this place.
 G = Mean time per level.
                   A        B        C        D        E       F      G
               +--------+--------+--------+--------+--------+-----+--------+
         Total |   6574 |   6306 |    268 |    297 |   3885 |   9 |  730.4 |
       Dungeon |   6357 |   6089 |    268 |    297 |   3717 |   8 |  794.6 |
        Temple |    216 |    216 |      0 |      0 |    168 |   1 |  216.0 |
               +--------+--------+--------+--------+--------+-----+--------+

Top non-repeatable levels by time:
     D:3: 1198 daAuts
     D:8: 1121 daAuts
     D:1: 966 daAuts
     D:6: 946 daAuts
     D:5: 674 daAuts
     D:2: 609 daAuts
     D:4: 555 daAuts
     D:7: 283 daAuts
  Temple: 216 daAuts
